 Dungeon Crawl Stone Soup version 0.25.0-9-g26727b657a (webtiles) character file.

Game seed: 5543762243172932699

175 Acheron the Skirmisher (level 5, 0/32 HPs)
             Began as a Deep Elf Chaos Knight on June 17, 2020.
             Was a Plaything of Xom.
             Slain by a sixfirhy (11 damage)
             ... summoned by Xom
             ... on level 2 of the Dungeon.
             The game lasted 00:11:46 (2431 turns).

Acheron the Skirmisher (Deep Elf Chaos Knight)      Turns: 2431, Time: 00:11:47

Health: 0/32       AC:  5    Str:  8    XL:     5   Next: 29%
Magic:  9/9        EV:  9    Int: 17    God:    Xom [......]
Gold:   240        SH:  6    Dex: 14    Spells: 7/7 levels left

rFire    . . .     SeeInvis .   g - +6 dagger (elec)
rCold    . . .     Gourm    .   p - +0 kite shield
rNeg     . . .     Faith    .   b - +2 leather armour
rPois    .         Spirit   .   (no helmet)
rElec    .         Reflect  .   q - +1 cloak
rCorr    .         Harm     .   (no gloves)
MR       .....     Rnd*Rage +   (no boots)
Stlth    +.........             (no amulet)
HPRegen  0.10/turn              (no ring)
MPRegen  0.11/turn              (no ring)

@: drained
A: berserk 1, blurry vision 2, deformed body, weak 1, wild magic 1
a: Renounce Religion


You were on level 2 of the Dungeon.
You worshipped Xom.
You were a very special plaything of Xom.
You were not hungry.

You visited 1 branch of the dungeon, and saw 4 of its levels.

You collected 240 gold pieces.

Inventory:

Hand Weapons
 a - a +0 falchion of chaos
 g - a +6 dagger of electrocution (weapon)
 l - a +2 dagger of venom
 t - a +1 falchion of holy wrath
 u - a +0 war axe
Missiles
 j - 108 stones
 s - 15 poisoned darts (quivered)
Armour
 b - a +2 leather armour (worn)
 d - a +0 ring mail
 p - a +0 kite shield (worn)
 q - a +1 cloak (worn)
Jewellery
 i - an uncursed amulet of guardian spirit
 o - an uncursed ring of protection from fire {unknown}
 w - a cursed -4 ring of protection {unknown}
Wands
 n - a wand of polymorph (8)
Scrolls
 k - 2 scrolls of teleportation
 x - a scroll of blinking {unknown}
Potions
 e - 2 potions of degeneration {unknown}
 f - a potion of resistance {unknown}
 h - 2 potions of brilliance {unknown}
 m - 2 potions of lignification {unknown}
 v - a potion of ambrosia {unknown}
Comestibles
 c - 5 rations
 r - 2 chunks of flesh


   Skills:
 * Level 3.1(2.1) Fighting
 * Level 1.9 Short Blades
 + Level 3.0(2.2) Long Blades
 * Level 1.5(0.5) Armour
 * Level 3.1(2.0) Dodging
 * Level 1.7(0.7) Stealth
 * Level 0.5(0.0) Shields
 * Level 1.6(0.6) Spellcasting
 * Level 1.1(0.1) Evocations


You had 7 spell levels left.
You didn't know any spells.
Your spell library was empty.

Dungeon Overview and Level Annotations

Branches:
Dungeon (4/15)
 Temple: D:4-7

Altars:
Okawaru
Ru
Vehumet


Innate Abilities, Weirdness & Mutations

You tend to lose your temper in combat.
Scrolls take you longer to read.
Armour fits poorly on your strangely shaped body.
You are weak. (Str -2)
Your spells are a little harder to cast, but a little more powerful.


Message History

r - a chunk of flesh You see here an adder skeleton.
Eating a chunk of flesh.
You eat the chunk of flesh.
This raw flesh tastes terrible.
A goblin comes into view.
The goblin shouts!
You block the goblin's attack.
You closely miss the goblin. The goblin hits you but does no damage.
You hit the goblin.
You kill the goblin!
You see here a goblin corpse.
You butcher the goblin corpse.
r - 2 chunks of flesh You see here a goblin skeleton.
You see here a goblin skeleton. "Time to have some fun!"
The sixfirhy hits you. The sixfirhy shocks you! The sixfirhy misses you.
The sixfirhy hits you! The sixfirhy shocks you!
You die... "Boring in life, boring in death..."

#.# #........#♣♣.♣♣#.#
####.##
#................#
#..[..#
###.......##♣♣.♣♣###
#.....###...5.....## ♣.♣
#.....#.+.5........###.#
#.....#.#..............#
####....#.#.......######
###....#3......#
#....#@......#
#....#<......#
####.######### #.# #.#
#.# #.# #.# #.#


You could see a sixfirhy (summoned), a crimson imp (summoned) and a shadow imp
(summoned).

Vanquished Creatures
  A scorpion (D:2)
  An orc priest (D:4)
  4 adders
  A worm (D:3)
  5 leopard geckos
  4 orcs
  A ball python (D:3)
  5 bats
  4 giant cockroaches
  7 hobgoblins
  2 frilled lizards
  4 goblins
  4 kobolds
  5 rats
48 creatures vanquished.

Notes
Turn   | Place    | Note
-------+----------+-------------------------------------------
     0 | D:1      | Acheron the Deep Elf Chaos Knight began the quest for the
                  | Orb.
     0 | D:1      | Reached XP level 1. HP: 13/13 MP: 3/3
   317 | D:1      | Reached skill level 1 in Armour
   317 | D:1      | Reached XP level 2. HP: 18/18 MP: 4/4
   591 | D:2      | XOM: silly message
   613 | D:2      | Noticed Sigmund
   614 | D:2      | Noticed Sigmund
   614 | D:2      | Sigmund changed into Sigmund the scorpion
   620 | D:2      | Killed Sigmund the scorpion
   620 | D:2      | Reached skill level 1 in Stealth
   620 | D:2      | Reached skill level 1 in Spellcasting
   620 | D:2      | Reached XP level 3. HP: 17/23 MP: 4/6
   620 | D:2      | Reached XP level 4. HP: 21/28 MP: 4/7
   796 | D:1      | XOM: divination: detect items
  1047 | D:2      | XOM: noise
  1162 | D:2      | Reached skill level 1 in Short Blades
  1222 | D:2      | XOM: give mutations
  1222 | D:2      | Gained mutation: You are weak. (Str -2) [Xom's mischief]
  1222 | D:2      | Gained mutation: Scrolls take you a little longer to read.
                  | [Xom's mischief]
  1222 | D:2      | Gained mutation: Scrolls take you longer to read. [Xom's
                  | mischief]
  1392 | D:3      | XOM: stat loss: -1 Dex (13/14)
  1559 | D:3      | Noticed an orc warrior
  1563 | D:3      | XOM: blink monster(s)
  1598 | D:4      | Reached skill level 1 in Evocations
  1598 | D:4      | Reached XP level 5. HP: 16/32 MP: 9/9
  1617 | D:4      | Found a radiant altar of Vehumet.
  1617 | D:4      | XOM: 1-stop teleportation journey
  1849 | D:4      | Found a sacrificial altar of Ru.
  1904 | D:4      | XOM: 1-stop teleportation journey
  2021 | D:3      | XOM: give mutations
  2021 | D:3      | Gained mutation: Armour fits poorly on your strangely
                  | shaped body. [Xom's mischief]
  2021 | D:3      | Gained mutation: You are clumsy. (Dex -2) [Xom's mischief]
  2092 | D:3      | XOM: draining
  2097 | D:3      | XOM: give mutations
  2097 | D:3      | Gained mutation: You tend to lose your temper in combat.
                  | [Xom's mischief]
  2097 | D:3      | Gained mutation: Your spells are a little harder to cast,
                  | but a little more powerful. [Xom's mischief]
  2097 | D:3      | Lost mutation: You are clumsy. (Dex -2) [Xom's mischief]
  2160 | D:2      | XOM: 5-stop teleportation journey
  2197 | D:2      | Found an iron altar of Okawaru.
  2262 | D:2      | XOM: summons 3 hostile shadow creatures
  2428 | D:2      | XOM: summons 3 hostile demons
  2429 | D:2      | Noticed a sixfirhy
  2431 | D:2      | Slain by a sixfirhy

Illustrated notes

Levels and vault maps discovered:
D:1:      giann_wishing_wells, layout_basic
D:2:      layout_basic, lemuel_crystal_altar, first_ration,
          minmay_tree_intersection, uniq_sigmund
D:3:      layout_basic
D:4:      layout_loops_ring, vehumet_crystals, fedhas_altar_fruit_tree,
          nicolae_ru_awakened_eye, enter_ossuary_2

Skill      XL: |  1  2  3  4 |
---------------+-------------+-----
Armour         | 1 |  1.5
Fighting       | 3 |  3.1
Long Blades    | 3 |  3.0
Stealth        | 1 |  1.7
Spellcasting   | 1 |  1.6
Short Blades   | 1 |  1.9
Dodging        | 3 |  3.1
Evocations     | 1 |  1.1
Shields        | |  0.5

Action                   |  1- 3 |  4- 6 || total
-------------------------+-------+-------++-------
Melee: Dagger            |    32 |    97 ||   129
Evoke: Wand              |     1 |       ||     1
  Use: Scroll            |     4 |     6 ||    10
 Stab: Sleeping          |     1 |     2 ||     3
  Eat: Chunk             |       |     5 ||     5
Armor: Leather armour    |     6 |    22 ||    28
Dodge: Dodged            |    16 |    49 ||    65
Block: Kite shield       |       |    33 ||    33
